Map: Ascension to Aiur LE

Players

Namshar - Winner!

  • Race: Zerg Zerg
  • Spawn Location: 11:00

Arctur

  • Race: Terran Terran
  • Spawn Location: 5:00

Event: WCS Valencia 2017

VOD

Have the link to the VOD?

Description

Time

  • Played on: July 13, 2017, 11:20 a.m.
  • Length: 13:27

All games in this series

Show
View Real Time Build Order
Export as new Build Order

Namshar Zerg - Winner!

Build Orders: Pool First 

Get SALT Encoding   

  12  0:00  Drone  
  13  0:12  Overlord  
  13  0:17  Drone  
  14  0:30  Drone x2  
  14  0:34  Drone  
  17  0:44  Drone  
  17  0:45  Extractor  
  17  0:50  Spawning Pool  
  17  0:55  Drone  
  17  1:07  Drone  
  18  1:18  Hatchery  
  18  1:22  Drone  
  18  1:27  Drone  
  19  1:37  Queen  
  21  1:45  Metabolic Boost  
  21  1:51  Overlord  
  21  1:56  Zergling x2  
  22  2:12  Queen, Drone x2  
  26  2:22  Drone  
  27  2:31  Queen  
  27  2:32  Drone x2  
  31  2:46  Drone x2, Overlord  
  31  2:47  Drone  
  31  2:50  Drone  
  35  2:54  Drone  
  36  3:05  Hatchery  
  35  3:08  Zergling x2  
  36  3:18  Drone x3  
  39  3:22  Overlord  
  39  3:23  Drone x2  
  39  3:24  Drone  
  42  3:31  Drone x2  
  42  3:33  Overlord  
  44  3:41  Zergling x2  
  44  3:42  Zergling x4  
  47  3:49  Roach Warren  
  47  3:51  Zergling x2  
  47  3:52  Drone x2  
  49  3:55  Queen  
  47  4:05  Drone  
  47  4:06  Drone  
  46  4:11  Drone x4  
  46  4:15  Lair  
  50  4:20  Spore Crawler  
  50  4:23  Spore Crawler  
  48  4:29  Queen  
  48  4:31  Drone  
  51  4:33  Drone  
  51  4:34  Drone  
  51  4:35  Spore Crawler  
  52  4:43  Drone  
  52  4:44  Evolution Chamber  
  52  4:45  Drone  
  53  4:48  Extractor, Drone  
  53  4:49  Evolution Chamber, Extractor  
  51  4:55  Drone x3  
  54  5:01  Drone  
  54  5:05  Drone x3  
  54  5:06  Drone  
  54  5:07  Drone  
  59  5:10  Drone x2  
  59  5:11  Overlord  
  61  5:14  Spore Crawler  
  61  5:17  Overseer  
  61  5:19  Drone x4  
  64  5:26  Zerg Ground Armor Level 1, Zerg Melee Weapons Level 1  
  64  5:28  Drone  
  66  5:30  Glial Reconstitution  
  66  5:32  Drone  
  66  5:33  Drone  
  66  5:35  Drone  
  69  5:38  Infestation Pit  
  68  5:43  Overlord  
  68  5:44  Drone  
  68  5:45  Extractor  
  68  5:47  Drone  
  68  5:48  Drone x3  
  71  5:57  Drone x3  
  71  6:00  Overlord  
  71  6:01  Overlord  
  70  6:07  Drone x5  
  70  6:08  Drone  
  70  6:10  Drone x2  
  77  6:19  Overlord  
  77  6:21  Hive  
  77  6:25  Infestor x2  
  79  6:27  Drone  
  79  6:28  Extractor x2  
  79  6:31  Drone x3  
  79  6:32  Drone x3  
  86  6:36  Overlord  
  86  6:41  Roach  
  86  6:42  Roach x3  
  86  6:45  Roach x2  
  98  6:54  Overlord x2  
  98  6:56  Roach x2  
  98  6:57  Roach  
  98  6:58  Roach  
  106  7:03  Overlord x2  
  106  7:07  Hatchery  
  105  7:12  Queen  
  107  7:16  Burrow  
  107  7:18  Overlord  
  104  7:24  Drone  
  104  7:28  Zerg Ground Armor Level 2, Zerg Melee Weapons Level 2  
  105  7:40  Ultralisk Cavern, Roach x7  
  118  7:45  Roach  
  118  7:46  Roach x2  
  118  7:48  Drone x2  
  118  7:49  Drone x2  
  118  7:51  Overlord  
  125  8:09  Drone x2  
  125  8:10  Drone  
  125  8:15  Extractor x2  
  125  8:16  Spore Crawler  
  125  8:17  Overlord x2  
  122  8:29  Chitinous Plating  
  122  8:33  Ravager  
  122  8:34  Ravager x3  
  126  8:36  Ultralisk x2  
  126  8:39  Zergling x24  
  150  8:44  Overlord  
  150  8:47  Overlord  
  150  8:51  Ultralisk  
  156  8:56  Overseer  
  156  9:03  Ultralisk, Overlord x2  
  161  9:12  Ultralisk  
  161  9:14  Ravager  
  161  9:15  Ravager  
  161  9:16  Ravager  
  158  9:27  Ultralisk, Zergling x12  
  167  9:42  Queen  
  167  9:44  Ultralisk  
  175  9:45  Drone  
  175  9:46  Drone x2  
  176  9:54  Ultralisk  
  144  10:17  Drone  
  144  10:18  Zerg Ground Armor Level 3, Zerg Melee Weapons Level 3  
  144  10:20  Drone  
  144  10:21  Drone x2  
  148  10:24  Pathogen Glands  
  148  10:25  Ravager  
  148  10:26  Ravager x2  
  148  10:27  Zergling x8  
  148  10:28  Zergling x6  
  158  10:33  Hatchery  
  163  10:35  Ultralisk  
  169  10:50  Ultralisk  
  169  10:52  Zergling x2  
  169  10:53  Zergling x20  
  180  11:01  Zergling x2  
  180  11:02  Zergling x6  
  184  11:21  Ultralisk x2  
  184  11:22  Zergling x2  
  184  11:23  Zergling x6  
  197  11:32  Drone x2  
  193  11:33  Drone  
  193  11:36  Drone  
  193  11:37  Drone x5  
  185  11:43  Drone  
  185  11:44  Drone x5  
  186  11:48  Infestor x2  
  186  11:50  Queen  
  192  11:55  Infestor x2  
  192  12:15  Pneumatized Carapace  
  192  12:20  Hatchery  
  191  12:26  Ultralisk, Zergling x2  
  191  12:27  Zergling x4  
  200  12:32  Hatchery  
  188  12:55  Zergling x26  
  189  13:03  Zergling x12  
Show
View Real Time Build Order
Export as new Build Order

Arctur Terran 

Build Orders: Reaper Expand, Bio Tank, Banshee Rush 

Get SALT Encoding   

  12  0:00  SCV  
  13  0:13  SCV  
  14  0:18  Supply Depot  
  14  0:25  SCV  
  15  0:32  Refinery  
  15  0:40  SCV  
  16  0:48  Barracks  
  16  0:52  SCV  
  17  1:04  SCV  
  18  1:16  SCV  
  19  1:35  Orbital Command, Reaper  
  20  1:43  Command Center  
  20  1:54  Factory  
  20  1:59  Refinery  
  20  2:02  SCV  
  21  2:09  Barracks Reactor  
  21  2:14  SCV  
  22  2:17  Supply Depot  
  22  2:26  SCV  
  23  2:39  SCV  
  24  2:48  Starport  
  25  2:51  SCV  
  25  2:52  Hellion x2  
  25  2:53  Barracks Tech Lab  
  29  3:00  Orbital Command  
  29  3:03  SCV  
  30  3:14  Hellion x2  
  30  3:17  SCV  
  35  3:26  SCV  
  36  3:29  SCV, Cloaking Field  
  36  3:33  Banshee  
  40  3:37  Barracks Tech Lab  
  40  3:39  SCV  
  41  3:41  SCV  
  42  3:48  Supply Depot  
  42  3:51  SCV  
  42  3:53  SCV  
  40  4:03  SCV  
  40  4:05  SCV  
  39  4:13  Stimpack, Marine  
  39  4:15  SCV, Banshee  
  42  4:17  SCV  
  42  4:20  Factory Reactor  
  42  4:23  Command Center  
  43  4:27  Barracks  
  43  4:30  SCV  
  43  4:31  Marine, SCV  
  45  4:38  Barracks  
  46  4:42  SCV  
  46  4:43  SCV  
  48  4:49  Marine  
  49  4:54  SCV, Engineering Bay  
  49  4:55  SCV, Engineering Bay  
  51  5:07  SCV x2  
  52  5:08  Refinery x2  
  52  5:10  Supply Depot  
  52  5:11  Marine  
  54  5:15  Starport Reactor  
  54  5:23  Terran Infantry Armor Level 1, Terran Infantry Weapons Level 1  
  54  5:27  Supply Depot  
  54  5:31  Siege Tank, Marine x2, SCV x2  
  54  5:33  Supply Depot  
  54  5:34  Marine  
  54  5:35  Marine, Supply Depot  
  63  5:43  Orbital Command, SCV  
  63  5:49  Marine  
  65  5:50  Marine x2  
  65  5:51  SCV  
  68  5:57  Marine x2  
  68  5:59  Medivac  
  68  6:02  Orbital Command  
  69  6:06  SCV x2, Medivac, Marine  
  69  6:07  Marine  
  69  6:08  Marine  
  69  6:11  Siege Tank  
  76  6:15  Marine  
  77  6:22  SCV x2, Barracks  
  77  6:24  Marine x2, Barracks  
  81  6:28  SCV, Marine  
  81  6:29  Marine, Combat Shields  
  84  6:34  SCV  
  84  6:36  SCV, Armory  
  86  6:40  SCV  
  86  6:43  Supply Depot  
  87  6:48  Siege Tank  
  87  6:49  Medivac x2  
  87  6:50  SCV x2  
  87  6:52  Marine x2  
  98  6:57  Marine  
  98  6:59  SCV  
  98  7:01  Refinery  
  100  7:03  SCV  
  100  7:04  Supply Depot  
  100  7:05  SCV, Marine, Supply Depot  
  100  7:06  Marine  
  104  7:11  SCV  
  104  7:13  Barracks Reactor  
  104  7:14  Barracks Reactor  
  104  7:15  SCV  
  106  7:16  Marine  
  106  7:17  Marine  
  106  7:19  Liberator  
  106  7:23  Siege Tank  
  106  7:26  Terran Infantry Armor Level 2  
  106  7:28  SCV x2  
  111  7:30  Supply Depot  
  111  7:31  SCV, Marine x2, Supply Depot  
  117  7:37  Marine  
  117  7:38  Marine x2  
  117  7:40  SCV x2  
  122  7:45  Factory  
  122  7:50  Marine x2  
  124  7:51  Marine x2  
  124  7:52  Supply Depot  
  124  7:55  Marine x2  
  124  7:56  Siege Tank  
  122  8:11  Marine  
  122  8:12  Marine x4  
  125  8:13  Marine x3  
  125  8:14  Marine  
  125  8:15  Medivac  
  125  8:19  Medivac  
  132  8:28  Siege Tank, Liberator  
  132  8:29  Marine x2  
  132  8:30  Marine x3  
  132  8:31  Marine  
  132  8:32  Marine x2  
  132  8:33  Marine, Factory Tech Lab  
  144  8:47  Marine  
  144  8:48  Reaper  
  149  8:52  Supply Depot  
  149  8:53  Supply Depot  
  149  8:54  Supply Depot x2  
  149  8:57  Liberator  
  149  9:00  Barracks x2  
  149  9:02  Barracks  
  149  9:10  Liberator  
  149  9:12  Marine x3  
  149  9:13  Marine x5, Command Center  
  149  9:14  Siege Tank  
  149  9:17  Siege Tank  
  163  9:19  Marine  
  156  9:30  Marine x3  
  161  9:31  Marine x4  
  161  9:33  Marine  
  161  9:37  Marine  
  164  9:40  Liberator  
  161  9:46  Siege Tank  
  161  9:47  Marine x3  
  161  9:49  Marine x4  
  161  9:50  Barracks Tech Lab x3  
  170  9:53  Liberator  
  170  9:56  Marine, Refinery  
  135  10:08  Marine  
  135  10:09  Marine x6  
  135  10:10  Siege Tank  
  135  10:12  Marine  
  135  10:13  Marauder, Marine x2  
  135  10:14  Marine  
  130  10:18  Siege Tank  
  134  10:25  Liberator  
  134  10:26  Marine x6  
  140  10:30  Terran Infantry Weapons Level 2  
  140  10:31  Marauder x2  
  144  10:42  Siege Tank  
  150  10:43  Marauder, Marine x3  
  150  10:44  Marine x3  
  158  10:55  Terran Ship Weapons Level 1  
  158  10:56  Marine  
  159  11:00  Refinery  
  159  11:01  Refinery  
  159  11:04  Command Center  
  159  11:13  Siege Tank  
  159  11:14  Liberator, Marine x4  
  163  11:19  Planetary Fortress  
  163  11:25  SCV  
  152  11:26  SCV  
  152  11:27  SCV  
  152  11:32  Liberator  
  155  11:44  Siege Tank  
  155  11:45  Marine x4  
  155  11:46  SCV x3  
  148  11:56  Marauder, Marine  
  148  11:57  Liberator  
  148  11:58  SCV x3  
  154  12:05  SCV  
  154  12:07  Siege Tank  
  158  12:15  Liberator  
  158  12:21  Siege Tank  
  163  12:22  Marine  
  163  12:23  Marauder x2, Marine x5  
  126  12:48  Siege Tank  
  114  12:53  Siege Tank  
  103  13:04  Marine x4  
  103  13:05  Marauder, Marine x7  
  97  13:10  SCV x2  
Tags
 
Add a new tag
Caveats
  • Supply blocks, unpowered buildings, or Contaminate may cause inaccurate times.
  • Supply counts are checked every 10 seconds.